Map: Void Thrashing

Players

wasp

  • Race: Protoss Protoss
  • Spawn Location: 6:00

NamroodTuo

  • Race: Zerg Zerg

VOD

Have the link to the VOD?

Description

Time

  • Played on: March 25, 2023, 5:53 p.m.
  • Length: 21:16
Show
View Real Time Build Order
Export as new Build Order

wasp Protoss 

Build Orders:  

Get SALT Encoding   

  12  0:08  Probe (Chrono Boost)  
  13  0:22  Probe (Chrono Boost)  
  14  0:49  Pylon  
  14  0:59  Pylon  
  14  1:25  Gateway  
  14  1:29  Gateway  
  14  1:45  Probe (Chrono Boost)  
  15  1:58  Probe (Chrono Boost)  
  16  2:09  Assimilator  
  16  2:12  Probe (Chrono Boost)  
  16  2:19  Assimilator  
  17  2:26  Probe (Chrono Boost)  
  18  2:39  Probe (Chrono Boost)  
  18  2:42  Zealot  
  18  2:43  Zealot  
  23  2:53  Probe (Chrono Boost)  
  24  3:05  Zealot  
  24  3:07  Probe (Chrono Boost), Zealot  
  29  3:20  Probe (Chrono Boost)  
  30  4:01  Cybernetics Core  
  30  4:09  Zealot  
  32  4:10  Zealot  
  32  4:11  Zealot  
  32  4:13  Zealot  
  38  4:22  Probe (Chrono Boost)  
  39  4:34  Zealot x2  
  39  4:36  Probe (Chrono Boost)  
  44  4:50  Probe (Chrono Boost)  
  45  5:03  Probe (Chrono Boost)  
  46  5:17  Probe (Chrono Boost)  
  47  5:35  Gateway x2  
  47  5:52  Probe (Chrono Boost)  
  48  6:03  Dragoon x2  
  48  6:04  Dragoon  
  54  7:01  Nexus  
  54  7:16  Assimilator  
  54  7:25  Assimilator  
  54  7:45  Probe (Chrono Boost)  
  55  7:54  Dragoon x2  
  55  7:55  Dragoon x3  
  55  7:56  Dragoon x2  
  55  7:59  Probe (Chrono Boost)  
  70  8:13  Probe (Chrono Boost)  
  71  8:26  Probe (Chrono Boost)  
  72  8:40  Probe (Chrono Boost)  
  73  9:05  Cybernetics Core  
  69  9:27  Pylon  
  69  9:37  Pylon  
  69  9:43  Pylon  
  69  9:46  Pylon  
  69  9:54  Probe (Chrono Boost)  
  70  10:08  Probe (Chrono Boost)  
  71  10:21  Probe (Chrono Boost)  
  72  10:35  Probe (Chrono Boost)  
  72  10:36  Forge  
  73  10:49  Probe (Chrono Boost)  
  74  11:41  Photon Cannon  
  74  11:42  Photon Cannon  
  72  12:06  Photon Cannon  
  72  12:08  Photon Cannon  
  72  12:11  Photon Cannon x2  
  72  12:26  Photon Cannon x2  
  72  12:31  Photon Cannon  
  72  12:32  Photon Cannon  
  72  12:38  Photon Cannon  
  72  12:39  Photon Cannon  
  72  12:55  Photon Cannon  
  72  12:58  Photon Cannon x2  
  72  13:08  Photon Cannon  
  72  13:12  Photon Cannon  
  72  13:15  Photon Cannon  
  72  13:25  Photon Cannon  
  72  13:28  Photon Cannon  
  72  13:30  Photon Cannon  
  72  13:31  Photon Cannon  
  72  13:33  Photon Cannon  
  72  13:42  Photon Cannon x2  
  72  13:45  Photon Cannon  
  72  13:48  Photon Cannon  
  72  13:54  Photon Cannon  
  72  13:55  Photon Cannon  
  72  14:15  Probe (Chrono Boost)  
  73  14:29  Probe (Chrono Boost)  
  74  14:37  Dragoon x2  
  74  14:38  Dragoon x2  
  74  14:39  Dragoon x2  
  84  14:40  Dragoon x2  
  84  14:41  Dragoon  
  84  14:43  Probe (Chrono Boost), Dragoon  
  69  15:49  Dragoon x2  
  71  15:50  Dragoon x3  
  71  15:51  Dragoon x3  
  71  15:52  Dragoon  
  41  16:48  Dragoon x2  
  41  16:49  Dragoon x3  
  51  16:50  Dragoon x2  
  42  17:36  Dragoon x3  
  42  17:37  Dragoon x2  
  52  18:10  Probe (Chrono Boost)  
  53  18:21  Dragoon x3  
  53  18:22  Dragoon x2  
  53  18:23  Probe (Chrono Boost)  
  64  18:37  Probe (Chrono Boost)  
  65  18:51  Probe (Chrono Boost)  
  66  19:04  Probe (Chrono Boost)  
  66  19:07  Dragoon  
  66  19:08  Dragoon x3  
  66  19:09  Dragoon  
  73  20:07  Dragoon x2  
  73  20:08  Dragoon x2  
  73  20:09  Dragoon  
  69  20:10  Dragoon  
  33  20:45  Dragoon  
  33  20:46  Dragoon x2  
Show
View Real Time Build Order
Export as new Build Order

NamroodTuo Zerg 

Build Orders:  

Get SALT Encoding   

  12  0:04  Infested SCV  
  13  0:19  Overlord  
  13  0:26  Infested SCV  
  14  0:34  Infested SCV  
  15  0:45  Infested SCV  
  16  0:55  Infested Barracks  
  16  0:59  Infested SCV  
  17  1:18  Infested Refinery  
  17  1:32  Infested SCV  
  18  1:54  Infested SCV  
  18  1:56  Infested SCV  
  20  2:09  Infested Refinery  
  20  2:10  Infestation Level 1  
  20  2:13  Infested SCV x2  
  22  2:25  Infested SCV  
  22  2:28  Infested Engineering Bay  
  23  2:48  Overlord  
  23  3:00  Overlord  
  23  3:13  Infested SCV  
  24  3:38  Infested Factory  
  24  4:10  Anaerobic Enhancement  
  24  4:25  Infested SCV  
  24  4:26  Infested SCV x3  
  28  4:33  Infested SCV  
  29  5:05  Infested Command Center  
  29  5:10  Infestation Level 2  
  29  5:17  Infested Factory Tech Lab  
  29  5:28  Infested Bunker  
  33  5:35  Infested Barracks Tech Lab  
  33  5:41  Infested SCV x2  
  35  5:52  Infested Armory  
  35  6:29  Infested Bunker  
  39  6:49  Infested SCV x3  
  42  7:08  Saturated Cultures  
  42  7:09  Infested Factory  
  42  7:16  Stukov Vehicle and Ship Weapons Level 1  
  42  7:31  Infested Missile Turret  
  42  7:32  Infested SCV  
  43  8:08  Automated Mitosis  
  43  8:29  Infested Bunker  
  46  9:10  Infested Marine  
  46  9:11  Infested Marine x7  
  46  9:17  Overlord  
  46  9:18  Overlord x4  
  54  9:35  Infested Factory Tech Lab, Caustic Mucus  
  54  9:42  Overlord  
  54  9:52  Overlord  
  54  9:53  Overlord x4  
  54  9:54  Overlord  
  54  9:55  Aggressive Incubation  
  46  10:56  Infested Marine x6  
  46  10:57  Infested Marine x14  
  66  11:10  Unknown  
  66  11:13  Infested Siege Tank, Infested Diamondback  
  66  11:14  Infested Diamondback  
  66  11:15  Infested Siege Tank  
  78  12:00  Infested Siege Tank, Infested Diamondback  
  78  12:01  Infested Siege Tank  
  78  12:08  Infested SCV x2  
  78  12:09  Infested SCV x2  
  90  12:12  Infested SCV  
  91  12:21  Infested Refinery  
  91  12:23  Infested Refinery  
  91  12:26  Infested SCV  
  73  12:48  Infested SCV x2  
  75  12:54  Stukov Vehicle and Ship Armor Level 1  
  75  12:59  Acidic Enzymes  
  75  13:22  Infested Marine  
  75  13:23  Infested Marine x13  
  89  13:40  Infested SCV x3  
  92  13:56  Infested Siege Tank, Infested Diamondback  
  92  13:57  Infested Siege Tank, Infested Diamondback  
  104  14:04  Infested Siege Tank  
  106  14:36  Infested Siege Tank x3  
  102  15:26  Overseer x3  
  102  15:27  Overseer x2  
  84  16:26  Infested Siege Tank x2, Infested Diamondback  
  84  16:27  Infested Siege Tank x2, Infested Diamondback x2  
  84  16:28  Infested Siege Tank  
  105  16:54  Infested Siege Tank, Infested Diamondback  
  105  16:57  Overlord x3  
  111  17:09  Stukov Vehicle and Ship Armor Level 2  
  105  18:16  Infested Siege Tank x3, Infested Diamondback x2  
  105  18:17  Infested Diamondback  
  123  18:46  Infested Siege Tank, Infested Diamondback  
  123  19:49  Infested Siege Tank x3, Infested Diamondback x2  
  132  19:50  Infested Diamondback  
  102  20:34  Infested Siege Tank x2, Infested Diamondback x2  
Tags
 
Commander
ArtanisStukov
Matchup
Co-op
Replay Pack
Multiplayer
Add a new tag
Caveats
  • Supply blocks, unpowered buildings, or Contaminate may cause inaccurate times.
  • Supply counts are checked every 10 seconds.